 Dungeon Crawl Stone Soup version 0.27.0-1-g7a089689b8 (webtiles) character file.

Game seed: 16400286184533162209

1969 ZombieSheep the Cleaver (level 9, -1/83 HPs)
             Began as a Hill Orc Fighter on Aug 5, 2021.
             Was an Initiate of Wu Jian.
             Slain by an eight-headed hydra (6 damage)
             ... on level 7 of the Dungeon.
             The game lasted 00:13:08 (6406 turns).

ZombieSheep the Cleaver (Hill Orc Fighter)          Turns: 6406, Time: 00:13:08

Health: -1/83      AC: 14    Str: 19    XL:     9   Next: 20%
Magic:  9/9        EV: 10    Int:  8    God:    Wu Jian [......]
Gold:   371        SH:  9    Dex: 13    Spells: 8/8 levels left

rFire    . . .     SeeInvis .   b - +3 trident
rCold    + . .     Faith    .   e - +0 buckler
rNeg     . . .     Spirit   .   r - +0 scale mail
rPois    .         Reflect  +   h - +0 helmet
rElec    .         Harm     .   l - +0 cloak
rCorr    .         Rampage  +   g - +0 pair of gloves
Will     .....                  m - +2 pair of boots {rampage}
Stlth    ..........             j - amulet of reflection
HPRegen  0.23/turn              v - ring of protection from cold
MPRegen  0.11/turn              (no ring)

@: mighty
A: no striking features
a: Renounce Religion


You were on level 7 of the Dungeon.
You worshipped Wu Jian.
Wu Jian was noncommittal.
You visited 2 branches of the dungeon, and saw 8 of its levels.

You collected 371 gold pieces.

Inventory:

Hand Weapons
 a - a +1 war axe
 b - a +3 trident (weapon)
 s - a +1 hand axe of freezing
Armour
 c - a +0 kite shield
 e - a +0 buckler (worn)
 g - a +0 pair of gloves (worn)
 h - a +0 helmet (worn)
 l - a +0 cloak (worn)
 m - a +2 pair of boots of rampaging (worn)
 r - a +0 scale mail (worn)
 t - a +1 leather armour of cold resistance
 y - a +0 plate armour
Jewellery
 j - an amulet of reflection (around neck)
 v - a ring of protection from cold (left hand)
Wands
 u - a wand of paralysis (4)
 x - a wand of flame (10)
 D - a wand of polymorph (8)
Scrolls
 i - a scroll of identify
 o - 3 scrolls of teleportation
 w - 2 scrolls of magic mapping
 z - 2 scrolls of fear
 A - a scroll of enchant weapon
Potions
 f - 2 potions of cancellation
 k - 4 potions of invisibility
 n - 3 potions of lignification
 p - 2 potions of mutation
 q - 3 potions of curing
 B - 2 potions of heal wounds {unknown}
 C - a potion of flight {unknown}
 E - 2 potions of magic {unknown}


   Skills:
 + Level 9.1 Fighting
 + Level 9.4 Axes
 + Level 6.5 Armour
 * Level 2.9 Dodging
 - Level 3.2 Shields


You had 8 spell levels left.
You didn't know any spells.
Your spell library contained the following spells:

 Spells                   Type           Power      Damage    Failure   Level
 Animate Skeleton         Necr           0%         N/A       78%         1
 Beastly Appendage        Tmut           0%         N/A       78%         1
 Freeze                   Ice            0%         1d3       78%         1
 Magic Dart               Conj           0%         1d3       78%         1
 Pain                     Necr           0%         1d4       78%         1
 Blink                    Tloc           N/A        N/A       89%         2
 Call Imp                 Summ           0%         N/A       89%         2
 Sublimation of Blood     Necr           0%         N/A       89%         2
 Wereblood                Tmut           0%         N/A       89%         2
 Call Canine Familiar     Summ           0%         N/A       98%         3
 Dazzling Flash           Conj/Hex       0%         N/A       98%         3
 Frozen Ramparts          Ice            0%         1d2       98%         3
 Ignite Poison            Fire/Tmut/Pois 0%         N/A       98%         3
 Mephitic Cloud           Conj/Pois/Air  0%         N/A       98%         3
 Portal Projectile        Hex/Tloc       0%         N/A       98%         3
 Spider Form              Tmut/Pois      0%         N/A       98%         3
 Vampiric Draining        Necr           0%         2d6       98%         3
 Hailstorm                Conj/Ice       0%         3d3       100%        4
 Ice Form                 Ice/Tmut       0%         N/A       100%        4
 Leda's Liquefaction      Hex/Erth       0%         N/A       100%        4
 Summon Ice Beast         Ice/Summ       0%         N/A       100%        4
 Agony                    Necr           0%         N/A       100%        5
 Bolt of Magma            Conj/Fire/Erth 0%         4d4       100%        5
 Manifold Assault         Tloc           0%         N/A       100%        5
 Silence                  Hex/Air        0%         N/A       100%        5
 Storm Form               Tmut/Air       0%         N/A       100%        7
 Summon Hydra             Summ           0%         N/A       100%        7


Dungeon Overview and Level Annotations

Branches:
Dungeon (7/15)             Temple (1/1) D:5

Altars:
Ashenzari
Dithmenos
Elyvilon
Gozag
Hepliaklqana
Kikubaaqudgha
Makhleb
Nemelex Xobeh
Okawaru
Qazlal
Ru
Sif Muna
Trog
Uskayaw
Wu Jian
Xom
Zin
The Shining One

Annotations:
D:4 1 runed translucent door, PewDiePie's ghost, amateur GnCj


Message History

The puff of frost hits you. You resist.
You puncture the eight-headed hydra!
The eight-headed hydra is moderately wounded.
The eight-headed hydra bites you. x2
You block the eight-headed hydra's attack. x2
The eight-headed hydra misses you. x2
You block the eight-headed hydra's attack.
The eight-headed hydra bites you but does no damage.
The white imp barely misses you.
You feel very mighty all of a sudden. The eight-headed hydra bites you! x2
The eight-headed hydra bites you but does no damage. x2
You block the eight-headed hydra's attack.
The eight-headed hydra barely misses you.
You block the eight-headed hydra's attack.
The eight-headed hydra bites you!
The white imp hits you but does no damage.
You puncture the eight-headed hydra!
The eight-headed hydra is heavily wounded.
You block the eight-headed hydra's attack.
The eight-headed hydra closely misses you.
The eight-headed hydra bites you.
* * * LOW HITPOINT WARNING * * *
The eight-headed hydra bites you but does no damage.
You block the eight-headed hydra's attack.
The eight-headed hydra barely misses you.
You block the eight-headed hydra's attack.
The eight-headed hydra bites you.
* * * LOW HITPOINT WARNING * * *
You block the white imp's attack.
You puncture the eight-headed hydra!
The eight-headed hydra is severely wounded.
You block the eight-headed hydra's attack.
The eight-headed hydra bites you but does no damage.
The eight-headed hydra bites you!
* * * LOW HITPOINT WARNING * * *
The eight-headed hydra bites you!
* * * LOW HITPOINT WARNING * * *
The eight-headed hydra bites you.
You die...

...... #........#......
....
#.......#........'......
....
#....(..#........#+#####
....
#.......#...............
....
#.......#...............
...
#<......#...............
...
+.......#...............
...
#.....5D#...............
...
#......@#...............
+.......'...............
#.......#........#######
#.?.....#........+......
#.......#........#......
#.......#........#......
#########........#......
................######'
.......................


You could see an eight-headed hydra and a white imp.

Vanquished Creatures
  2 water moccasins
  An orc warrior (D:6)
  A sky beast (D:5)
  A necrophage (D:6)
  2 ogres (D:6)
  A centaur (D:7)
  A phantom (D:6)
  A kobold brigand (D:6)
  A bullfrog (D:6)
  A gnoll sergeant (D:5)
  A scorpion (D:5)
  2 water moccasin zombies
  A howler monkey (D:6)
  2 hounds
  2 jellies (D:5)
  3 orc priests
  2 bullfrog skeletons (D:5)
  A centaur skeleton (D:7)
  Ijyb (D:5)
  Terence (D:3)
  3 orc wizards
  2 iguanas
  A howler monkey zombie (D:5)
  Robin (D:3)
  5 gnolls (D:5)
  8 adders
  A howler monkey skeleton (D:4)
  An ufetubus (D:5)
  4 worms (D:2)
  3 dart slugs
  14 orcs
  3 ball pythons
  3 bats
  8 endoplasms
  3 giant cockroaches
  20 goblins
  6 hobgoblins
  9 jackals
  10 kobolds
  A quokka (D:3)
  2 frilled lizards
  4 rats
140 creatures vanquished.

Vanquished Creatures (others)
  3 withered plants (D:3)
3 creatures vanquished.

Grand Total: 143 creatures vanquished

Notes
Turn   | Place    | Note
-------+----------+-------------------------------------------
     0 | D:1      | ZombieSheep the Hill Orc Fighter began the quest for the
                  | Orb.
     0 | D:1      | Reached XP level 1. HP: 19/19 MP: 1/1
   272 | D:1      | Reached XP level 2. HP: 26/27 MP: 2/2
   716 | D:2      | Reached XP level 3. HP: 23/33 MP: 3/3
   942 | D:2      | Found a hazy altar of Hepliaklqana.
  1425 | D:2      | Reached XP level 4. HP: 40/41 MP: 4/4
  1819 | D:3      | Noticed Robin
  1841 | D:3      | Killed Robin
  2073 | D:3      | Reached skill level 5 in Fighting
  2242 | D:3      | Reached XP level 5. HP: 46/48 MP: 5/5
  2340 | D:3      | Found a faded altar of an unknown god.
  2379 | D:3      | Noticed Terence
  2390 | D:3      | Killed Terence
  2391 | D:3      | Reached skill level 5 in Axes
  2657 | D:4      | Reached XP level 6. HP: 35/57 MP: 6/6
  3219 | D:4      | Found a runed translucent door.
  3220 | D:4      | Noticed PewDiePie's ghost (amateur GnCj)
  3375 | D:5      | Entered Level 5 of the Dungeon
  3513 | D:5      | Reached XP level 7. HP: 59/64 MP: 7/7
  3678 | D:5      | Reached skill level 5 in Armour
  4153 | D:5      | Found a staircase to the Ecumenical Temple.
  4167 | Temple   | Entered the Ecumenical Temple
  4479 | Temple   | Became a worshipper of the Wu Jian Council
  4618 | D:5      | Reached XP level 8. HP: 68/74 MP: 8/8
  4661 | D:5      | Noticed Ijyb
  4666 | D:5      | Paralysed by Ijyb for 2 turns
  4675 | D:5      | Killed Ijyb
  5723 | D:6      | Reached skill level 1 in Dodging
  5915 | D:6      | Reached XP level 9. HP: 82/82 MP: 9/9
  6396 | D:7      | Noticed an eight-headed hydra
  6406 | D:7      | Slain by an eight-headed hydra

Illustrated notes

Levels and vault maps discovered:
D:1:      elethiomel_arrival_quiet, layout_basic
D:2:      kennysheep_the_goblin_king, layout_basic, basic_altar, minmay_ruptured
D:3:      layout_loops_ring, ebering_ecumenical_altar_petrified,
          minmay_tree_intersection, uniq_robin, uniq_terence
D:4:      layout_basic, ebering_ghost_reflecting_pool
D:5:      layout_rooms, minmay_temple_entry_offerings, uniq_ijyb
D:6:      layout_loops_ring, minmay_statues_item
D:7:      layout_gridville
Temple:   dpeg_five_rooms_temple

Skill      XL: |  1  2  3  4  5  6  7  8  9 |
---------------+----------------------------+-----
Axes           | 3 4 5 6 7 9 |  9.4
Fighting       | 4 5 6 7 8 9 |  9.1
Armour         | 4 5 6 |  6.5
Dodging        | 2 |  2.9
Shields        | |  3.2

Action                   |  1- 3 |  4- 6 |  7- 9 || total
-------------------------+-------+-------+-------++-------
Melee: War axe           |   107 |   161 |   205 ||   473
       Trident           |       |       |     5 ||     5
Evoke: Wand              |       |       |     2 ||     2
  Use: Scroll            |     4 |     7 |     2 ||    13
       Potion            |       |       |     3 ||     3
 Stab: Paralysed         |       |       |     7 ||     7
Armor: Scale mail        |    48 |    69 |    88 ||   205
Dodge: Dodged            |    53 |    83 |    78 ||   214
Block: Buckler           |    24 |    47 |    98 ||   169
       Reflection        |       |     1 |     2 ||     3
